[Event "*** Titled Tuesday Blitz"]
[Site "Chess.com"]
[Date "2020.04.28"]
[Round "2"]
[White "IwkooO"]
[Black "SharapovEvgeny"]
[Result "0-1"]
[WhiteElo "2575"]
[BlackElo "2304"]
[TimeControl "180+1"]
[EndTime "10:18:09 PDT"]
[Termination "SharapovEvgeny won by resignation"]

1. e4 c5 2. Nf3 d6 3. d4 cxd4 4.
Nxd4 Nf6 5. Nc3 Nc6 6. Bc4 Qb6 7. Nxc6 bxc6 8. O-O g6 9. Bb3 Qc7 10. Bg5 Bg7 11.
Qd2 O-O 12. Rfe1 Re8 13. Bh6 a5 14. Bxg7 Kxg7 15. Rad1 Nd7 16. f4 Nc5 17. Bc4 Bg4 18. Rb1 Be6 19. Qd4+ f6 20. Bxe6 Nxe6 21. Qc4 Nc5 22.
b3 Qb6 23. Kh1 Qb4 24. e5 fxe5 25. fxe5 d5 26. Qxb4 axb4 27. Ne2 Rxa2 28. Nd4 Ra6 29. Ra1 Rea8 30. Rxa6 Rxa6 31. e6 Ne4 32. Rf1 c5 33. Ne2 Rxe6 34. g3 Nd2 35. Rf2 Ne4 36. Rf1 Rf6 37.
Ra1 Rf2 38. Nf4 Rxc2 39. Nxd5 Nd2 40. Re1 Nf3 41. Rxe7+ Kh6 42. Re2 Rxe2 0-1

[Event "*** Titled Tuesday Blitz"]
[Site "Chess.com"]
[Date "2020.04.28"]
[Round "2"]
[White "goldenspine"]
[Black "yamalchess"]
[Result "0-1"]
[WhiteElo "2300"]
[BlackElo "2581"]
[TimeControl "180+1"]
[EndTime "10:18:09 PDT"]
[Termination "yamalchess won by resignation"]

1. d4 Nf6 2. c4 c5 3. d5 b5 4.
cxb5 a6 5. bxa6 g6 6. Nc3 Bg7 7. e4 d6 8. Nf3 O-O 9. Be2 Qa5 10. O-O Bxa6 11. Re1 Nbd7 12. Qc2 Rfb8 13. Bd2 Ng4 14. b3 Bxe2 15. Rxe2 Qa6 16. h3 Nge5 17. Nxe5 Nxe5 18. Rd1 Nd3 19. Na4 Nb4 20. Bxb4 cxb4 21. Qd3 Rc8 22. Qe3 Rab8 23. Kh1 Qb5 24. f4 Rb7 25. e5 Rbc7 26. e6 f5 27. Nb6 Rd8 28. Nc4 Rc5 29. g4 Rxd5 30. Red2 Rxd2 31. Rxd2 Qc6+ 32. Kg1 Bf6 33. g5 Bc3 34. Rf2 Rc8 35. Qb6 Qe4 36. Qe3 Bd4 37.
Qxe4 fxe4 38. Kg2 Bxf2 39. Kxf2 Ra8 40. Ke3 Rxa2 41. Kxe4 Ra3 42. Kd5 Rxb3 43. Kc6 Rc3 44. Kb5 b3 45. Kb4 Rxc4+ 0-1

[Event "*** Titled Tuesday Blitz"]
[Site "Chess.com"]
[Date "2020.04.28"]
[Round "2"]
[White "manuellarrea"]
[Black "FabriceWantiez"]
[Result "0-1"]
[WhiteElo "2185"]
[BlackElo "2431"]
[TimeControl "180+1"]
[EndTime "10:18:09 PDT"]
[Termination "FabriceWantiez won on time"]

1. e4 e5 2. Nf3 Nc6 3. Bc4 g6 4.
c3 d6 5. d4 Qe7 6. O-O Bg7 7. h3 Nf6 8. Re1 O-O 9. a4 h6 10. a5 a6 11. Nbd2 Nh5 12. Nf1 Nf4 13. b4 Kh7 14. Ra2 Bd7 15. Kh2 Rad8 16. d5 Nb8 17. Ng1 c6 18. g3 Nxh3 19. Nxh3 Bxh3 20.
Kxh3 f5 21. exf5 gxf5 22. dxc6 bxc6 23. Kg2 d5 24. Be2 Kh8 25. Nh2 f4 26. gxf4 e4 27. Be3 Bxc3 28. Bd4+ Bxd4 29. Qxd4+ Kh7 30. Rg1 Rxf4 31.
Kf1 Rdf8 32. Bh5 R8f6 33. Ng4 R6f5 34. Ne3 Rxh5 35. Rc2 Qf6 36. Qa7+ Qf7 37. Qxb8 Rh2 0-1

[Event "*** Titled Tuesday Blitz"]
[Site "Chess.com"]
[Date "2020.04.28"]
[Round "2"]
[White "KingChess345"]
[Black "renehp"]
[Result "0-1"]
[WhiteElo "2138"]
[BlackElo "2416"]
[TimeControl "180+1"]
[EndTime "10:18:09 PDT"]
[Termination "renehp won on time"]

1. d4 d5 2. Nf3 Nf6 3. g3 Bg4 4. Bg2 e6 5. O-O Be7 6. c4 c6 7. Qb3 Qb6 8. c5 Qc7 9. Bf4 Qc8 10. Nc3 Nbd7 11. Qa4 O-O 12. b4 Ne4 13. Rfc1 Bf6 14. e3 Bxf3 15. Bxf3 Nxc3 16. Rxc3 e5 17. dxe5 Nxe5 18. Bg2 Nf3+ 19. Bxf3 Bxc3 20. Rc1 Bf6 21.
b5 Rd8 22. Rb1 Qf5 23. Rb4 Qe6 24. h4 a6 25. bxc6 bxc6 26. Rb6 Rdc8 27. Kg2 h6 28. h5 Bd8 29. Rxa6 Rxa6 30. Qxa6 Bc7 31. Bxc7 Rxc7 32.
Qb6 Qc8 33. a4 Qb7 34. a5 Qa7 0-1

[Event "*** Titled Tuesday Blitz"]
[Site "Chess.com"]
[Date "2020.04.28"]
[Round "2"]
[White "Poghosyan_Suren"]
[Black "Byniolus"]
[Result "1-0"]
[WhiteElo "2528"]
[BlackElo "2754"]
[TimeControl "180+1"]
[EndTime "10:18:10 PDT"]
[Termination "Poghosyan_Suren won on time"]

1. Nf3 d5 2. c4 d4 3. e3 Nc6 4. exd4 Nxd4 5. Nxd4 Qxd4 6. Nc3 c6 7. d3 Nh6 8. Be3 Qd8 9. d4 Nf5 10. Be2 g6 11. Qd2 Bg7 12. O-O-O Nxe3 13. Qxe3 O-O 14. h4 Qa5 15. h5 b5 16. hxg6 hxg6 17. cxb5 cxb5 18. Bxb5 Rb8 19. Bc4 Ba6 20. Nd5 Rfe8 21. Bb3 e6 22. Nf4 Qf5 23. Kd2 e5 24. Nd5 exd4 25. Ne7+ Rxe7 26. Qxe7 Bf8 27.
Bxf7+ Qxf7 28. Rh8+ Kxh8 29. Qxf7 Bh6+ 30. Kc2 d3+ 31.
Kc3 Bg7+ 32. Kd2 Rxb2+ 33. Ke3 Bh6+ 34. Kf3 Bb7+ 35. Kg3 d2 36. Rh1 1-0

[Event "*** Titled Tuesday Blitz"]
[Site "Chess.com"]
[Date "2020.04.28"]
[Round "2"]
[White "Dynamikus"]
[Black "GameOverBro"]
[Result "1-0"]
[WhiteElo "2761"]
[BlackElo "2505"]
[TimeControl "180+1"]
[EndTime "10:18:11 PDT"]
[Termination "Dynamikus won by resignation"]

1. e4 Nf6 2. e5 Nd5 3. d4 Nb6 4. Nf3 d5 5. Bd3 Bg4 6. O-O e6 7. Nbd2 c5 8. c3 Nc6 9. h3 Bh5 10. dxc5 Nd7 11. Bb5 Ndxe5 12. Qa4 Nxf3+ 13. Nxf3 Bxf3 14. Bxc6+ bxc6 15. Qxc6+ Ke7 16. Qb7+ Kf6 17. gxf3 Bxc5 18. Bf4 Bd6 19. Be3 Qc7 20. Qa6 g6 21. Rad1 Kg7 22.
Rfe1 Be5 23. Bd4 Bxd4 24. Rxd4 Rhb8 25. Qe2 a5 26. f4 a4 27. Qd2 Ra5 28. Re2 Rab5 29.
Rxa4 Qb6 30. b3 Rc8 31. Rd4 Qa5 32. Re3 Qa3 33. Ra4 Qe7 34. Qd4+ Kg8 35. Ra7 Qh4 36.
Kg2 Rbc5 37. a4 h6 38. a5 Qh5 39. a6 Qf5 40. Rb7 Ra8 41. Qxc5 1-0

[Event "*** Titled Tuesday Blitz"]
[Site "Chess.com"]
[Date "2020.04.28"]
[Round "2"]
[White "Andreikka"]
[Black "Ind1anStar"]
[Result "1-0"]
[WhiteElo "2975"]
[BlackElo "2581"]
[TimeControl "180+1"]
[EndTime "10:18:12 PDT"]
[Termination "Andreikka won by resignation"]

1. c4 e6 2. Nc3 d5 3. d4 Be7 4.
cxd5 exd5 5. Bf4 Nf6 6. e3 O-O 7. Bd3 c6 8. h3 Nbd7 9. Nf3 Re8 10. O-O Nf8 11. a3 a5 12. Rb1 Ne6 13. Bh2 g6 14. b4 axb4 15. axb4 Ng7 16. b5 Bf5 17. bxc6 bxc6 18. Ne5 Qa5 19. Qc2 Rec8 20. Rb7 Bxd3 21. Qxd3 Rc7 22. Rxc7 Qxc7 23. Nxg6 Bd6 24. Bxd6 Qxd6 25.
Ne5 Ra3 26. Qc2 Ne6 27. Rb1 Kg7 28. Ne2 c5 29. Ng3 Qc7 30. Nf5+ Kh8 31. Nh6 Kg7 32. Nhxf7 c4 33. Qf5 Nf8 34. Qg5+ Ng6 35. Nxg6 Kxf7 36. Nf4 Ra5 37. Qf5 c3 38. Nh5 Ra6 39. Rc1 Qd6 40. Nxf6 Qxf6 41. Qxf6+ 1-0

[Event "*** Titled Tuesday Blitz"]
[Site "Chess.com"]
[Date "2020.04.28"]
[Round "2"]
[White "Yaacovn"]
[Black "Moon_stone123"]
[Result "1-0"]
[WhiteElo "2751"]
[BlackElo "2501"]
[TimeControl "180+1"]
[EndTime "10:18:12 PDT"]
[Termination "Yaacovn won by checkmate"]

1. d4 Nf6 2. Nf3 g6 3. e3 Bg7 4. Be2 O-O 5. O-O d6 6. b3 c5 7. Bb2 Nbd7 8. c4 b6 9. Nc3 Bb7 10. d5 Ne4 11. Qc2 Nxc3 12. Bxc3 Bxc3 13. Qxc3 Nf6 14.
Nd2 e6 15. e4 exd5 16. exd5 Bc8 17. Bf3 Bf5 18. Rfe1 Ng4 19. Bxg4 Bxg4 20. Ne4 f5 21. Nd2 Qg5 22. Nf1 Rae8 23. f3 Bh3 24. Ng3 f4 25. Qd2 Qh4 26. Ne4 Bd7 27. Nxd6 Rd8 28. Qb2 g5 29. h3 Bxh3 30. Ne4 Bf5 31. Qe5 Bxe4 32. Rxe4 Qh6 33. Qe6+ Qxe6 34. Rxe6 Rde8 35. Rae1 Rxe6 36. Rxe6 Kf7 37. Kh2 Rd8 38. Kh3 h5 39.
Rh6 b5 40. Rxh5 bxc4 41. bxc4 Kg6 42. Kg4 Rb8 43. Rxg5+ Kf6 44. Kxf4 Rb4 45. Rf5+ Kg6 46. g4 Rxc4+ 47. Ke5 Rd4 48. d6 Rd1 49. Ke6 c4 50.
Rc5 Re1+ 51. Kd7 Kf7 52. Rxc4 Kg6 53. Kc7 Kg5 54. d7 Kh4 55. d8=Q+ Kg3 56. Qd6+ Kg2 57. Rc2+ Kg1 58. Qg3+ Kf1 59. Qh3+ Kg1 60. Qg2# 1-0

[Event "*** Titled Tuesday Blitz"]
[Site "Chess.com"]
[Date "2020.04.28"]
[Round "2"]
[White "aakankshachess"]
[Black "xamax2000"]
[Result "0-1"]
[WhiteElo "2470"]
[BlackElo "2705"]
[TimeControl "180+1"]
[EndTime "10:18:12 PDT"]
[Termination "xamax2000 won by resignation"]

1. e4 c5 2. Nf3 e6 3. d4 cxd4 4. Nxd4 Nc6 5. c4 Nf6 6. Nc3 Bb4 7. Qd3 Ne5 8. Qc2 Qb6 9. Be3 Neg4 10. Qd3 Nxe3 11. fxe3 O-O 12. Be2 d6 13. O-O Bxc3 14. bxc3 Qc5 15. Nb3 Qe5 16. Bf3 b6 17. Rad1 Rd8 18. Qd4 Ba6 19. Nd2 Rac8 20. Rc1 Nd7 21. Be2 Nc5 22. Rf4 Qg5 23. Rg4 Qh6 24. Nf3 e5 25.
Qd2 Rc7 26. Nh4 Bc8 27. Nf5 Bxf5 28. exf5 Qf6 29. Rf1 Nb7 30. e4 Na5 31. Bd3 Nxc4 32. Qe2 Rdc8 33. Rh4 h6 34. Qh5 Nb2 35. Bb1 Rxc3 36.
Rg4 Rc1 37. Rg3 Rxf1+ 38. Kxf1 Rc1+ 39. Kf2 Rxb1 40. Qe2 Qh4 41. h3 Qf4+ 42. Rf3 Qc1 43. Kg3 Nc4 44. Kh2 Nd2 45. Rd3 Nf1+ 0-1

[Event "*** Titled Tuesday Blitz"]
[Site "Chess.com"]
[Date "2020.04.28"]
[Round "2"]
[White "Chichin_chao"]
[Black "HouseOfDurin"]
[Result "1-0"]
[WhiteElo "2385"]
[BlackElo "2066"]
[TimeControl "180+1"]
[EndTime "10:18:12 PDT"]
[Termination "Chichin_chao won on time"]

1. e4 c5 2. Nf3 Nc6 3. Bb5 g6 4.
O-O Bg7 5. Re1 e5 6. d3 Nge7 7. a4 O-O 8. Nc3 a6 9. Bc4 d6 10. h3 h6 11. Nh2 Kh7 12. f4 f5 13. fxe5 dxe5 14. Nd5 Be6 15. Nxe7 Qxe7 16. Bxe6 Qxe6 17. exf5 gxf5 18. Nf3 Rae8 19. Qe2 e4 20. c3 Qd7 21. dxe4 Rxe4 22. Qf1 Rfe8 23. Bd2 Ne5 24. Nxe5 R8xe5 25. Bf4 Rxe1 26. Rxe1 Rxe1 27. Qxe1 Kg6 28. Qg3+ Kf7 29. Qf3 b5 30. axb5 axb5 31. Qh5+ Ke7 32. Qg6 Kd8 33.
Qb6+ Ke8 34. Qb8+ Kf7 35. Kh2 Qe7 36. Qc8 Kg6 37. Qc6+ Qf6 38. Qxc5 1-0

[Event "*** Titled Tuesday Blitz"]
[Site "Chess.com"]
[Date "2020.04.28"]
[Round "2"]
[White "Sweafty"]
[Black "BakumanFM"]
[Result "1-0"]
[WhiteElo "2470"]
[BlackElo "2250"]
[TimeControl "180+1"]
[EndTime "10:18:13 PDT"]
[Termination "Sweafty won on time"]

1. Nf3 d5 2. c4 d4 3. e3 Nc6 4. exd4 Nxd4 5. Nxd4 Qxd4 6. Nc3 Nf6 7. d3 e5 8. Be3 Qd8 9. Be2 Bf5 10. O-O Be7 11. Qb3 Qc8 12. Qb5+ c6 13. Qxe5 Be6 14. d4 Qd7 15. d5 Bg4 16. dxc6 bxc6 17. Bxg4 Nxg4 18. Qe4 Nxe3 19. Qxe3 O-O 20. Rad1 Qb7 21. b3 Rad8 22. Qf3 Qc7 23. Ne4 c5 24. Nc3 Qa5 25.
Nd5 Bd6 26. a4 Be5 27. Rfe1 Bd4 28. Re4 Qa6 29. g3 Kh8 30. Kg2 f5 31. Re7 Qd6 32. Rde1 Bf6 33. R7e6 Qd7 34. Nxf6 gxf6 35. Qxf5 Rf7 36.
R1e4 Qb7 37. h4 Kg7 38. Qf3 Rdf8 39. Rg4+ Kh8 40. Qxb7 Rxb7 41. Rge4 Rxb3 42. Re7 Rb4 43. Rxa7 1-0

[Event "*** Titled Tuesday Blitz"]
[Site "Chess.com"]
[Date "2020.04.28"]
[Round "2"]
[White "JessPinkman"]
[Black "AlexTriapishko"]
[Result "0-1"]
[WhiteElo "2496"]
[BlackElo "2750"]
[TimeControl "180+1"]
[EndTime "10:18:14 PDT"]
[Termination "AlexTriapishko won on time"]

1. e4 c6 2. Nf3 d5 3. d3 Bg4 4.
h3 Bxf3 5. Qxf3 e6 6. Qg3 Nd7 7. Be2 g6 8. O-O Bg7 9. Nd2 Ne7 10. Nf3 O-O 11. h4 Nf6 12. e5 Nd7 13. h5 Qc7 14. d4 c5 15. c3 cxd4 16. cxd4 f6 17. Qh3 Qb6 18. hxg6 Nxg6 19. exf6 Nxf6 20. Be3 Ne4 21. Bd3 Rf5 22. Bxe4 dxe4 23. Ng5 Nf8 24. d5 Qd6 25.
dxe6 Rd5 26. Nxe4 Qxe6 27. Qxe6+ Nxe6 28. Rad1 Rad8 29. Rxd5 Rxd5 30. b3 b6 31. Rc1 Kf7 32. Kf1 Rd7 33. Ke2 Bf8 34. Ng5+ Nxg5 35. Bxg5 h5 0-1

[Event "*** Titled Tuesday Blitz"]
[Site "Chess.com"]
[Date "2020.04.28"]
[Round "2"]
[White "SamuelGhimpu2003"]
[Black "MartinMatthiesen"]
[Result "1-0"]
[WhiteElo "2697"]
[BlackElo "2469"]
[TimeControl "180+1"]
[EndTime "10:18:14 PDT"]
[Termination "SamuelGhimpu2003 won by checkmate"]

1. e4 c5 2. Nf3 d6 3. d4 cxd4 4. Nxd4 Nf6 5. Nc3 a6 6. h3 e6 7. g4 Nfd7 8. Be3 Be7 9. Bg2 Nc6 10. Qe2 Qc7 11. O-O-O b5 12. Nxc6 Qxc6 13. f4 Bb7 14. a3 Rc8 15. Kb1 Nb6 16. Bc1 Nc4 17. Na2 O-O 18.
b3 Nb6 19. Bb2 Rfd8 20. g5 Bf8 21. Nb4 Qc7 22. f5 a5 23. Nd3 a4 24. Rhf1 e5 25. f6 g6 26. h4 Re8 27. Nb4 d5 28. Nxd5 Bxd5 29. exd5 Bd6 30. Be4 Nd7 31. b4 Nb6 32. h5 Rf8 33. Rh1 Nc4 34. Qh2 Nxb2 35. Kxb2 Qc3+ 36. Kb1 Rc7 37. hxg6 fxg6 38. Rd3 Qc4 39.
Bxg6 Rfc8 40. Bxh7+ Kf8 41. Qh6+ Ke8 42. Bg6+ Kd8 43.
Qh8+ Kd7 44. Bf5# 1-0

[Event "*** Titled Tuesday Blitz"]
[Site "Chess.com"]
[Date "2020.04.28"]
[Round "2"]
[White "Khayala13"]
[Black "Y0ung_Capablanca"]
[Result "0-1"]
[WhiteElo "2320"]
[BlackElo "2657"]
[TimeControl "180+1"]
[EndTime "10:18:14 PDT"]
[Termination "Y0ung_Capablanca won on time"]

1. e4 c6 2. d4 d5 3. Nc3 dxe4 4. Nxe4 Bf5 5. Ng3 Bg6 6. N1e2 e6 7. Nf4 Qc7 8. Ngh5 Nd7 9. Qf3 Bxc2 10. Bd2 Qb6 11. Bc3 Ngf6 12. Nxf6+ Nxf6 13. Bc4 Be4 14. Qe2 Bd5 15. Bd3 Bd6 16. Nh5 Nxh5 17. Qxh5 g6 18.
Qg5 O-O 19. O-O Qd8 20. Qh6 Qf6 21. h4 Qf4 22. Qxf4 Bxf4 23. g3 Bh6 24. f4 Rfd8 25.
Kf2 Bg7 26. Ke3 Rac8 27. b4 Rd7 28. a4 Rcd8 29. Rfd1 Bb3 30. Rdb1 Rxd4 31. Bxd4 Bxd4+ 32. Ke2 Bxa1 33. Rxb3 Bd4 34. Be4 Rd7 35. h5 Kg7 36.
hxg6 hxg6 37. Rd3 Kf6 38. g4 e5 39. fxe5+ Kxe5 40. Bg2 Rd8 41. b5 c5 42. Bxb7 c4 43.
Rf3 f5 44. gxf5 gxf5 45. Rh3 Rd7 46. Bc6 Rg7 47. a5 Rg1 48. Rh8 Ra1 49. Re8+ Kf4 50. a6 Ra2+ 51. Kd1 c3 52. Rd8 Be3 0-1

[Event "*** Titled Tuesday Blitz"]
[Site "Chess.com"]
[Date "2020.04.28"]
[Round "2"]
[White "kuba2006"]
[Black "Blagorod"]
[Result "1-0"]
[WhiteElo "2414"]
[BlackElo "2129"]
[TimeControl "180+1"]
[EndTime "10:18:14 PDT"]
[Termination "kuba2006 won on time"]

1. e4 e5 2. Nf3 Nf6 3. Nc3 Bb4 4. Nxe5 O-O 5. Be2 d6 6. Nd3 Bxc3 7. dxc3 Nxe4 8. O-O Nd7 9. Bf3 Ng5 10. Bxg5 Qxg5 11. g3 Ne5 12. Nxe5 Qxe5 13. Re1 Qb5 14. Qd3 Qxd3 15. cxd3 c6 16. Re7 Rb8 17. a4 Be6 18. a5 a6 19. Ra4 Rfc8 20. Rb4 Bh3 21. Bg2 Bxg2 22. Kxg2 b5 23. axb6 a5 24. Rb3 a4 25.
Rb4 c5 26. b7 cxb4 27. bxc8=Q+ Rxc8 28. cxb4 Kf8 29. Ra7 Rc2 30. Rxa4 Rxb2 31. Kf3 Ke7 32. Ra7+ Ke6 33. Rb7 g6 34. h4 h5 35. Ke3 f6 36.
b5 g5 37. b6 gxh4 38. gxh4 Kd5 39. Rb8 Kc6 40. Rh8 Kxb6 41. Rxh5 Rb1 42. Rf5 Re1+ 43. Kd4 Rh1 44. h5 Kc6 45. Ke4 Rh4+ 46. f4 Rh1 47.
Ra5 1-0

[Event "*** Titled Tuesday Blitz"]
[Site "Chess.com"]
[Date "2020.04.28"]
[Round "2"]
[White "Kaponov"]
[Black "kakakz"]
[Result "0-1"]
[WhiteElo "2102"]
[BlackElo "2398"]
[TimeControl "180+1"]
[EndTime "10:18:14 PDT"]
[Termination "kakakz won on time"]

1. d4 Nf6 2. c4 g6 3. Nc3 Bg7 4. e4 d6 5. Nf3 O-O 6. g3 e5 7.
Bg2 Nc6 8. d5 Ne7 9. O-O Nd7 10.
Rb1 a5 11. a3 Nb6 12. b3 h6 13. Qe2 f5 14. b4 axb4 15. axb4 Nd7 16. Nd2 b6 17. Nb3 f4 18. Bb2 g5 19. Ra1 Ba6 20. Bh3 Nf6 21. Be6+ Kh8 22. f3 fxg3 23. hxg3 h5 24.
Rf2 Ng6 25. Bf5 Ne7 26. Be6 Bh6 27. Rh2 Kg7 28. Nc1 Ng6 29. Nd3 Bxc4 30. Qc2 Rxa1+ 31. Bxa1 Qa8 32. Bb2 Qa6 33. Nc1 h4 34. gxh4 Nxh4 35. Rxh4 gxh4 36. Qg2+ Kh8 37. Qg6 Ng8 0-1

[Event "*** Titled Tuesday Blitz"]
[Site "Chess.com"]
[Date "2020.04.28"]
[Round "2"]
[White "DryCounty"]
[Black "LuckSlayeer"]
[Result "1-0"]
[WhiteElo "2763"]
[BlackElo "2506"]
[TimeControl "180+1"]
[EndTime "10:18:16 PDT"]
[Termination "DryCounty won by resignation"]

1. e4 c5 2. Nf3 Nc6 3. d4 cxd4 4. Nxd4 e5 5. Nb5 d6 6. N1c3 a6 7. Na3 b5 8. Nd5 Nce7 9. c4 Nxd5 10. exd5 bxc4 11. Nxc4 Nf6 12. Be3 Rb8 13. Be2 Be7 14. O-O O-O 15. b3 Rb5 16. Qc2 Nxd5 17. Rfd1 Be6 18.
Bf3 Nxe3 19. Nxe3 Bg5 20. Nd5 f5 21. Qc6 e4 22. Nc7 Bf7 23. Nxb5 exf3 24. Nxd6 Qf6 25. Qxf3 Be6 26. Nc4 f4 27. h3 Bf7 28. Rac1 Bh6 29. Rd6 Qe7 30. Rxh6 gxh6 31. Qxf4 Bg6 32. Qd4 Qg5 33.
Qe3 Rf4 34. g3 Rf8 35. Qxg5 hxg5 36. Ne5 Be4 37. f3 Bxf3 38. Rf1 Bd5 39. Rxf8+ Kxf8 40. Kf2 Ke7 41. Ke3 Kd6 42. Kd4 Be6 43. h4 gxh4 44.
gxh4 h5 45. Nc4+ Ke7 46. b4 Bf7 47. a4 Be8 48. a5 Bb5 49. Na3 Be2 50. Ke5 Kd7 51.
Nc2 Kc6 52. Nd4+ 1-0

[Event "*** Titled Tuesday Blitz"]
[Site "Chess.com"]
[Date "2020.04.28"]
[Round "2"]
[White "putra48"]
[Black "onnoelgersma"]
[Result "1-0"]
[WhiteElo "2603"]
[BlackElo "2305"]
[TimeControl "180+1"]
[EndTime "10:18:16 PDT"]
[Termination "putra48 won by resignation"]

1. e4 c6 2. d4 d5 3. Nc3 dxe4 4.
Nxe4 Nf6 5. Nxf6+ exf6 6. c3 Bd6 7. Bd3 O-O 8. Qc2 Re8+ 9. Ne2 h6 10. Be3 Nd7 11. O-O-O Nf8 12. Kb1 Be6 13. h4 b5 14.
Nf4 Bxf4 15. Bxf4 Qd5 16. b3 a5 17. Be4 Qd7 18. f3 a4 19. b4 Bd5 20. Bf5 Be6 21.
Bd3 Ng6 22. Bc1 Ne7 23. g4 f5 24. Rhg1 fxg4 25. fxg4 Bxg4 26. Rdf1 Nd5 27. Bxh6 Ne3 28.
Bxe3 Rxe3 29. Bf5 Bxf5 30. Rxf5 Rxc3 31. Rxg7+ Kxg7 32. Rg5+ Kh6 33. Qxc3 Qe6 34. Qd2 Qe4+ 35. Ka1 Kh7 36. Re5 Qg6 37. h5 Qf6 38. Qd3+ Kh6 39. Rf5 Qe6 40. Qf1 Rf8 41. Rf6+ 1-0

[Event "*** Titled Tuesday Blitz"]
[Site "Chess.com"]
[Date "2020.04.28"]
[Round "2"]
[White "GM4life"]
[Black "Sven_Tica"]
[Result "0-1"]
[WhiteElo "2180"]
[BlackElo "2615"]
[TimeControl "180+1"]
[EndTime "10:18:17 PDT"]
[Termination "Sven_Tica won by checkmate"]

1. e4 c5 2. Nf3 Nf6 3. e5 Nd5 4. Nc3 e6 5. Bc4 Nb6 6. Be2 Nc6 7. O-O Qc7 8. Nb5 Qb8 9. d4 cxd4 10.
Bf4 Nd5 11. Bg3 a6 12. Nbxd4 b5 13. a4 b4 14. Qd2 Qb6 15. c4 bxc3 16. bxc3 Bc5 17. Rab1 Qc7 18. c4 Nde7 19. Rfd1 Bb7 20. Qg5 Ng6 21. h4 h5 22. Nxc6 Bxc6 23. Bd3 Be7 24. Qe3 Rh6 25. Ng5 Bxa4 26. Rd2 Bc5 27. Qe2 Bc6 28. Bxg6 Rxg6 29. Qxh5 Rb8 30. Qh8+ Bf8 31.
Rxb8+ Qxb8 32. Nh7 Ke7 33. Rb2 Qc8 34. Bf4 f6 35.
exf6+ gxf6 36. Nxf8 Rxg2+ 37. Kf1 Kf7 38. Bd6 Bf3 39.
Qh5+ Bxh5 40. c5 Qc6 41. Rb6 Qe4 42. Nxd7 Be2+ 43. Ke1 Rg1+ 44. Kd2 Qd3# 0-1

[Event "*** Titled Tuesday Blitz"]
[Site "Chess.com"]
[Date "2020.04.28"]
[Round "2"]
[White "GMSrinath"]
[Black "CSB7"]
[Result "1-0"]
[WhiteElo "2741"]
[BlackElo "2499"]
[TimeControl "180+1"]
[EndTime "10:18:18 PDT"]
[Termination "GMSrinath won by resignation"]

1. e4 e5 2. Nf3 Nc6 3. Bb5 Nf6 4. d3 Bc5 5. Bxc6 dxc6 6. Nbd2 Be6 7.
Qe2 Nd7 8. Nb3 Bb6 9. Ng5 Bxb3 10. axb3 f6 11. Nh3 Qe7 12. f4 O-O-O 13. Be3 Kb8 14. O-O Nc5 15. b4 Ne6 16. fxe5 Nd4 17. Qf2 Qxe5 18.
c3 Ne6 19. Rad1 Rhe8 20. Bxb6 cxb6 21. Qh4 h6 22. d4 Qc7 23. Qg4 Ng5 24. Nxg5 hxg5 25.
Rfe1 c5 26. bxc5 bxc5 27. d5 Re5 28. c4 Qd6 29. Qg3 Rde8 30. Rf1 Kc7 31. Qa3 a6 32. Qa5+ Kb8 33. b4 cxb4 34. c5 Qc7 35. Qxb4 Rxe4 36. Qc3 Re3 37. Qc1 R3e5 38. c6 Rc8 39. Qb2 Ka7 40. Rb1 bxc6 41. d6 Qd7 42. Qb6+ Ka8 43. Qxa6+ 1-0

[Event "*** Titled Tuesday Blitz"]
[Site "Chess.com"]
[Date "2020.04.28"]
[Round "2"]
[White "eightbyeightchess"]
[Black "aspired"]
[Result "0-1"]
[WhiteElo "2499"]
[BlackElo "2736"]
[TimeControl "180+1"]
[EndTime "10:18:18 PDT"]
[Termination "aspired won by resignation"]

1. e4 e5 2. Nf3 Nc6 3. Bb5 Nf6 4. d4 exd4 5. O-O Be7 6. Re1 a6 7. Ba4 b5 8. Bb3 d6 9. Bd5 Nxd5 10. exd5 Ne5 11. Nxd4 Bd7 12. a4 O-O 13. Nc3 b4 14.
Ne4 Re8 15. b3 Bf8 16. Bb2 Qh4 17. Nf3 Nxf3+ 18. Qxf3 Qg4 19. Qxg4 Bxg4 20. a5 Bd7 21. Bd4 h6 22. f3 c5 23. dxc6 Bxc6 24. Nf2 Bb5 25.
Bb6 f5 26. Rad1 Rxe1+ 27. Rxe1 Rc8 28. Rc1 Kf7 29. Nd1 g5 30. c4 bxc3 31. Rxc3 Rxc3 32. Nxc3 Bd3 33. b4 Bg7 34. Nd5 Ke6 35. Nc7+ Kd7 36.
b5 Bxb5 37. Nxb5 axb5 38. a6 Kc6 39. a7 Kb7 40. Kf1 Be5 41. h3 d5 42. Ke2 b4 43.
Kd3 b3 44. Bc5 d4 45. g4 b2 46. Kc2 d3+ 0-1

[Event "*** Titled Tuesday Blitz"]
[Site "Chess.com"]
[Date "2020.04.28"]
[Round "2"]
[White "kosmeg"]
[Black "Barcelona_Guy"]
[Result "0-1"]
[WhiteElo "2386"]
[BlackElo "2707"]
[TimeControl "180+1"]
[EndTime "10:18:18 PDT"]
[Termination "Barcelona_Guy won by resignation"]

1. d4 Nf6 2. c4 g6 3. Nc3 d5 4.
Nf3 Bg7 5. Bg5 Ne4 6. Bf4 O-O 7.
e3 c5 8. cxd5 Bf5 9. Bc4 cxd4 10.
Nxd4 Nxc3 11. bxc3 Be4 12. O-O Bxd5 13. Bxd5 Qxd5 14.
Bxb8 Raxb8 15. Qb3 Qc5 16. Rfd1 Rfc8 17. Rac1 b5 18.
h3 a5 19. Rb1 a4 20. Qb4 Qxb4 21. Rxb4 Rxc3 22. Rxb5 Rd8 23. Rdb1 Bxd4 24. exd4 Rxd4 25. R5b4 Rxb4 26. Rxb4 Rc1+ 27. Kh2 Rc2 28. Rxa4 Rxf2 29. Kg3 Rf1 30. Ra7 e6 31. a4 Kg7 32. a5 g5 33. Kg4 Kg6 34. Ra8 h5+ 35. Kg3 Ra1 36.
Kf3 Kf5 37. g4+ hxg4+ 38. hxg4+ Ke5 39. Rg8 Ra3+ 40. Ke2 Kf4 41. Rf8 Rxa5 42. Rxf7+ Kxg4 43. Rf6 Re5+ 44. Kd2 Kg3 45. Rf8 g4 0-1

[Event "*** Titled Tuesday Blitz"]
[Site "Chess.com"]
[Date "2020.04.28"]
[Round "2"]
[White "woodhy"]
[Black "RaphaeI"]
[Result "0-1"]
[WhiteElo "2327"]
[BlackElo "2644"]
[TimeControl "180+1"]
[EndTime "10:18:18 PDT"]
[Termination "RaphaeI won by checkmate"]

1. e4 c5 2. Nf3 d6 3. d4 cxd4 4. Nxd4 Nf6 5. f3 e5 6. Bb5+ Nbd7 7. Nf5 d5 8. exd5 a6 9. Ba4 b5 10. Bb3 Nc5 11. Ne3 Bb7 12. O-O Nxb3 13. axb3 Bc5 14.
Kh1 O-O 15. Nc3 Qb6 16. Qe2 Rad8 17. Ne4 Nxd5 18. Nxc5 Qxc5 19. Nxd5 Rxd5 20. Be3 Qc6 21. Rfd1 e4 22. Rxd5 Qxd5 23. Rd1 exf3 24. Qe1 fxg2+ 25. Kg1 Qe4 26. Qf2 Re8 27. Rd4 Qg6 28. Rd7 Bc6 29. Rd3 h6 30. Bd4 Qg4 31. h3 Qe2 32. Rd2 Qe1+ 33.
Kh2 Qh1+ 34. Kg3 g1=Q+ 35. Qxg1 Qf3+ 36. Kh2 Re2+ 37. Rxe2 Qxe2+ 38. Kg3 Qxc2 39. Bc3 Qd3+ 40. Kf2 Qf3+ 41. Ke1 f6 42. h4 Qe4+ 43. Kd2 Qxh4 44. Bd4 Qe4 45. Kc3 Qf3+ 46. Kb4 Kh7 47. Qb1+ Be4 48.
Qg1 Qf5 49. Ka5 b4+ 50. Kxb4 Qb5+ 51. Kc3 Qd3+ 52. Kb4 Bd5 53. Bc3 Qb5+ 54. Ka3 Qxb3# 0-1

[Event "*** Titled Tuesday Blitz"]
[Site "Chess.com"]
[Date "2020.04.28"]
[Round "2"]
[White "Konek-Gorbunok"]
[Black "olomi007"]
[Result "0-1"]
[WhiteElo "2320"]
[BlackElo "2656"]
[TimeControl "180+1"]
[EndTime "10:18:18 PDT"]
[Termination "olomi007 won on time"]

1. d4 d5 2. Nf3 Nf6 3. g3 g6 4. Bg2 Bg7 5. O-O O-O 6. Ne5 c6 7. c4 Bf5 8. Nc3 Ne4 9. cxd5 cxd5 10. Qb3 Nc6 11. Qxd5 Nxc3 12. bxc3 Nxe5 13. dxe5 Qxd5 14. Bxd5 Bxe5 15. Bh6 Rfd8 16. Bxb7 Rab8 17. Rad1 Rxd1 18. Rxd1 Bxc3 19. Bf3 Be6 20. a4 f6 21. Be3 a5 22. Rc1 Be5 23. Kg2 Bd6 24. Rc6 Rb4 25. Ra6 Rxa4 26. Bb6 g5 27. Rxa5 Rxa5 28. Bxa5 g4 29. Bc6 Kf7 30. f3 h5 31. Bd2 Bc4 32.
Kf2 e5 33. Be4 Ke6 34. Bg6 Bc5+ 35. e3 gxf3 36. Kxf3 h4 37. gxh4 f5 38. h5 Bd5+ 39. Kg3 Kf6 40. Bc1 Bd6 41. Kf2 Be4 42. Bd2 Bc5 43. Bc1 Kg5 44. Bd2 Bb6 45. Bc1 Kf6 46. Bd2 Bc6 47. Bc1 f4 48. Ke2 f3+ 49. Kf2 e4 0-1

[Event "*** Titled Tuesday Blitz"]
[Site "Chess.com"]
[Date "2020.04.28"]
[Round "2"]
[White "Titus369"]
[Black "ntmh281"]
[Result "1-0"]
[WhiteElo "2509"]
[BlackElo "2270"]
[TimeControl "180+1"]
[EndTime "10:18:18 PDT"]
[Termination "Titus369 won by checkmate"]

1. e4 e6 2. d4 d5 3. Nd2 Be7 4. Ngf3 Nf6 5. e5 Nfd7 6. c3 c5 7. Bb5 Qb6 8. Qe2 a6 9. Ba4 Nc6 10. dxc5 Nxc5 11. Bc2 Nd7 12. O-O O-O 13. Re1 Re8 14.
Nb3 Nf8 15. Bg5 Qc7 16. Rad1 Bd7 17. Nbd4 Nxe5 18. Nxe5 Bxg5 19. Qh5 f6 20. Qf7+ Kh8 21. Nxd7 Qxd7 22. Qxd7 Nxd7 23. Nxe6 Bh6 24. Nc7 Rxe1+ 25. Rxe1 Rc8 26. Nxd5 Ne5 27. f4 Nc4 28. b3 Nd6 29.
Re6 Nb5 30. Bd3 Kg8 31. Bxb5 axb5 32. Rxf6 Rd8 33. Ne7+ Kh8 34. Rf7 g6 35. Kf2 Rd2+ 36. Kf3 Rxa2 37. Nd5 Rb2 38. b4 Rb3 39. Rxb7 Bf8 40. Rxb5 h5 41. Rb7 Rb2 42. Nf6 Bd6 43. Rh7# 1-0